 Dungeon Crawl Stone Soup version 0.28-a0-691-gad6df49e81 (webtiles) character file.

Game seed: 15229735950600626419

3591 MirrMurr the Covert (level 9, -3/45 HPs)
             Began as a Spriggan Enchanter on Oct 21, 2021.
             Was an Initiate of Dithmenos.
             Slain by a kobold (19 damage)
             ... on level 7 of the Dungeon.
             The game lasted 00:28:22 (14981 turns).

MirrMurr the Covert (Spriggan Enchanter)           Turns: 14981, Time: 00:28:24

Health: -3/45      AC:  7    Str:  7    XL:     9   Next: 85%
Magic:  10/16      EV: 22    Int: 23    God:    Dithmenos [......]
Gold:   512        SH:  0    Dex: 15    Spells: 3/16 levels left

rFire   . . .      SeeInvis +   a - +1 dagger
rCold   . . .      Faith    .   (shield restricted)
rNeg    . . .      Spirit   .   E - +0 steam dragon scales
rPois   .          Reflect  .   (helmet restricted)
rElec   .          Harm     .   w - +1 cloak {rCorr}
rCorr   +          Rampage  .   (gloves unavailable)
Will    ++...                   (boots unavailable)
Stlth   +++++.....              (no amulet)
HPRegen 0.15/turn               s - ring of willpower
MPRegen 0.15/turn               C - +6 ring of intelligence

@: very quick
A: very small, no large weapons, unfitting armour, see invisible, speed 3
a: Renounce Religion


You were on level 7 of the Dungeon.
You worshipped Dithmenos.
Dithmenos was noncommittal.
You visited 2 branches of the dungeon, and saw 9 of its levels.
You also visited: Ossuary.

You collected 512 gold pieces.

Inventory:

Hand Weapons
 a - a +1 dagger (weapon)
 b - a +2 rapier of venom
Missiles
 d - 81 sling bullets
 k - 13 boomerangs
 l - 221 stones (quivered)
 n - 13 poisoned darts
Armour
 w - a +1 cloak of preservation (worn)
 E - +0 steam dragon scales (worn)
Jewellery
 s - a ring of willpower (left hand)
 C - a +6 ring of intelligence (right hand)
Wands
 t - a wand of polymorph (7)
 v - a wand of acid (10)
 x - a wand of iceblast (6)
 y - a wand of mindburst (15)
Scrolls
 i - 2 scrolls of identify
 j - a scroll of teleportation
 B - a scroll of vulnerability
 D - a scroll of fear
Potions
 c - 2 potions of invisibility
 e - 3 potions of lignification
 g - 4 potions of might
 h - 4 potions of heal wounds
 m - 2 potions of curing
 o - 4 potions of berserk rage
 p - a potion of haste
 q - a potion of flight
 r - a potion of resistance
 u - 5 potions of mutation
 z - a potion of magic
 A - 4 potions of brilliance


   Skills:
 - Level 4.0 Fighting
 + Level 7.0 Short Blades
 + Level 9.9 Dodging
 + Level 10.7 Stealth
 - Level 4.0 Spellcasting
 - Level 8.0 Hexes


You had 3 spell levels left.
You knew the following spells:

 Your Spells              Type           Power      Damage    Failure   Level
a - Ensorcelled Hibernat  Hex/Ice        46%        N/A       3%          2
b - Confusing Touch       Hex            41%        N/A       1%          3
c - Tukima's Dance        Hex            41%        N/A       1%          3
d - Dazzling Flash        Conj/Hex       46%        N/A       6%          3
e - Poisonous Vapours     Pois/Air       8%         N/A       16%         2

Your spell library contained the following spells:

 Spells                   Type           Power      Damage    Failure   Level
 Inner Flame              Hex/Fire       23%        N/A       6%          3
 Shock                    Conj/Air       16%        1d4       11%         1
 Sting                    Tmut/Pois      16%        1d3       11%         1
 Static Discharge         Conj/Air       4%         N/A       16%         2
 Sublimation of Blood     Necr           2%         N/A       16%         2
 Wereblood                Tmut           4%         N/A       16%         2
 Gell's Gravitas          Tloc           2%         N/A       30%         3
 Lesser Beckoning         Tloc           4%         N/A       30%         3
 Ozocubu's Armour         Ice            4%         N/A       30%         3
 Teleport Other           Tloc           4%         N/A       30%         3
 Olgreb's Toxic Radiance  Pois           4%         N/A       71%         4
 Fireball                 Conj/Fire      2%         3d4       96%         5
 Lightning Bolt           Conj/Air       2%         1d13      96%         5
 Ozocubu's Refrigeration  Ice            2%         4d5       100%        7
 Summon Hydra             Summ           2%         N/A       100%        7
 Maxwell's Capacitive Co  Air            2%         ∞         100%        8


Dungeon Overview and Level Annotations

Branches:
Dungeon (8/15)             Temple (1/1) D:7         Ossuary (visited)
   Lair: D:8-11

Altars:
Ashenzari
Dithmenos
Elyvilon
Fedhas
Gozag
Hepliaklqana
Kikubaaqudgha
Makhleb
Nemelex Xobeh
Okawaru
Qazlal
Ru
Sif Muna
Trog
Vehumet
Wu Jian
Yredelemnul
Zin
The Shining One

Shops:
D:1 :   D:3 [

Annotations:
D:5 2 transporters


Innate Abilities, Weirdness & Mutations

You are very small and have problems with some larger weapons.
You are too small for most types of armour.
You have supernaturally acute eyesight. (SInv)
You cover ground extremely quickly. (Speed+++)


Message History

Things that are here:
a +0 dagger; a kobold corpse
There is a stone staircase leading down here.
You climb downwards.
The centaur shoots an arrow.
The arrow hits you! The kobold completely misses you.
There is a stone staircase leading up here.
The kobold completely misses you. x2; The centaur unwields a +0 shortbow.
The centaur hits you but does no damage.
The centaur completely misses you. The kobold brigand barely misses you.
You climb upwards.
There is a stone staircase leading down here.
Casting: Ensorcelled Hibernation (safe; 3% risk of failure)
Confirm with . or Enter, or press ? or * to list all spells.
Aiming: Ensorcelled Hibernation (safe; 3% risk of failure)
Press: ? - help, Shift-Dir - straight line, f - kobold brigand
Aim: a kobold brigand, wielding a +0 club and quivering poisoned darts (chance to affect: 52%)
The kobold brigand resists with some effort.
The kobold barely misses you. x2; The kobold brigand closely misses you.
You hit the kobold brigand.
The kobold brigand is lightly wounded.
The kobold hits you with a +0 short sword.
Casting: Ensorcelled Hibernation (safe; 3% risk of failure)
Confirm with . or Enter, or press ? or * to list all spells.
Aiming: Ensorcelled Hibernation (safe; 3% risk of failure)
Press: ? - help, Shift-Dir - straight line, f/p - kobold brigand
Aim: a kobold brigand, wielding a +0 club and quivering poisoned darts (lightly wounded, chance to affect: 52%)
The kobold brigand resists with some effort.
The kobold hits you with a +2 short sword of electrocution.
You are electrocuted!
The kobold brigand hits you with a +0 club.
The kobold closely misses you.
Casting: Ensorcelled Hibernation (safe; 3% risk of failure)
Confirm with . or Enter, or press ? or * to list all spells.
Aiming: Ensorcelled Hibernation (safe; 3% risk of failure)
Press: ? - help, Shift-Dir - straight line, f/p - kobold brigand
Aim: a kobold brigand, wielding a +0 club and quivering poisoned darts (lightly wounded, chance to affect: 52%)
The kobold brigand resists with some effort.
The kobold hits you with a +2 short sword of electrocution.
You are electrocuted!!
You die...

).#
##.####..[.......
).#
#..#.............
..#
#......########..
.##
#.....##≈≈≈≈≈≈##.
.#
#..#..#≈≈....≈≈#.
.#
##..##.#≈..≈≈..≈#.
##
#...####≈.≈≈≈≈.≈#.
#K..# #≈.≈≈≈≈.≈#.
#@K#####≈..≈≈..≈#.
##
#)K##..#≈≈....≈≈#.
.###
##.....###≈≈≈)≈≈##.
...## #.....##
####'###.. ....#
#...### #.))..#
....# ##..##
####### ....#
##..## ....# #..##
....# #.##


You could see a kobold brigand and 2 kobolds.

Vanquished Creatures
  Sigmund (D:6)
  2 steam dragons (D:7)
  Menkaure (D:7)
  3 water moccasins
  4 necrophages
  2 orc warriors
  A sky beast (D:5)
  2 black bears (D:5)
  An ogre (D:4)
  2 bullfrogs
  A gnoll sergeant (D:7)
  4 scorpions
  A water moccasin zombie (D:7)
  2 water moccasin skeletons (D:4)
  3 wights (D:7)
  A hound (D:6)
  A bullfrog zombie (D:6)
  2 jellies
  Crazy Yiuf (D:3)
  4 bullfrog skeletons
  An orc priest (D:6)
  A centaur skeleton (D:5)
  An iguana (D:4)
  A scorpion zombie (D:5)
  Ijyb (D:3)
  6 orc wizards
  A killer bee zombie (D:8)
  2 mummies (Ossuary)
  A gnoll (D:7)
  A howler monkey skeleton (D:7)
  4 adders
  A shadow imp (D:7)
  An adder skeleton (D:4)
  6 adder zombies (Ossuary)
  A worm (D:4)
  5 dart slugs
  32 orcs
  4 bats
  7 endoplasms
  2 giant cockroaches
  4 gnoll zombies (Ossuary)
  11 goblins
  6 hobgoblins
  A quokka (D:2)
  7 ball pythons
  6 frilled lizards
  7 hobgoblin zombies (Ossuary)
  15 kobolds
  3 kobold zombies (Ossuary)
  6 orc zombies (Ossuary)
  3 rats
187 creatures vanquished.

Vanquished Creatures (collateral kills)
  Maggie (D:7)
  2 wights (D:7)
  2 gnolls (D:7)
  An orc (D:7)
6 creatures vanquished.

Vanquished Creatures (others)
  4 dancing weapons
4 creatures vanquished.

Grand Total: 197 creatures vanquished

Notes
Turn   | Place    | Note
-------+----------+-------------------------------------------
     0 | D:1      | MirrMurr the Spriggan Enchanter began the quest for the
                  | Orb.
     0 | D:1      | Reached XP level 1. HP: 9/9 MP: 5/5
   383 | D:1      | Reached XP level 2. HP: 13/13 MP: 6/6
   393 | D:1      | Found a faded altar of an unknown god.
   412 | D:1      | Found Olicuunivu's Book Shop.
   448 | D:1      | Reached skill level 5 in Stealth
   723 | D:1      | Learned a level 2 spell: Ensorcelled Hibernation
  2043 | D:2      | Found a white marble altar of Elyvilon.
  2445 | D:2      | Reached XP level 3. HP: 16/16 MP: 8/8
  2460 | D:2      | Learned a level 3 spell: Confusing Touch
  2716 | D:3      | Noticed Ijyb
  3187 | D:3      | Reached skill level 6 in Stealth
  3201 | D:3      | Reached XP level 4. HP: 18/21 MP: 1/9
  4203 | D:3      | Killed Ijyb
  4204 | D:3      | Reached skill level 7 in Stealth
  4204 | D:3      | Reached XP level 5. HP: 23/24 MP: 3/10
  4327 | D:3      | Found Bote's Antique Armour Shoppe.
  4399 | D:3      | Found a runed translucent door.
  4400 | D:3      | Noticed Crazy Yiuf
  4409 | D:3      | Killed Crazy Yiuf
  5174 | D:4      | Identified a scroll of acquirement
  5174 | D:4      | Acquired a +2 rapier of venom
  5766 | D:4      | Noticed an ogre
  5771 | D:4      | Reached skill level 8 in Stealth
  5776 | D:4      | Killed an ogre
  5777 | D:4      | Reached skill level 5 in Short Blades
  5777 | D:4      | Reached XP level 6. HP: 25/28 MP: 8/11
  5987 | D:4      | Reached skill level 5 in Hexes
  6082 | D:4      | Reached XP level 7. HP: 31/32 MP: 9/13
  6086 | D:4      | Learned a level 3 spell: Tukima's Dance
  6090 | D:4      | Learned a level 3 spell: Dazzling Flash
  6093 | D:4      | Learned a level 2 spell: Poisonous Vapours
  7643 | D:5      | Entered Level 5 of the Dungeon
  7946 | D:5      | Found a transporter.
  8468 | D:5      | Reached skill level 1 in Fighting
  8468 | D:5      | Reached XP level 8. HP: 23/37 MP: 6/15
  8683 | D:5      | Found a transporter.
  9003 | D:5      | You fall into a shaft and drop 2 floors!
  9057 | D:6      | Reached skill level 5 in Dodging
  9129 | D:6      | Found a sand-covered staircase.
  9135 | Ossuary  | Entered an ossuary
  9670 | D:5      | Found a shimmering blue altar of Sif Muna.
 10106 | D:5      | Found a shimmering blue altar of Sif Muna.
 10157 | D:5      | Found a transporter.
 10181 | D:5      | Found a transporter.
 10717 | D:6      | Noticed Sigmund
 10723 | D:6      | Killed Sigmund
 11431 | D:6      | Reached XP level 9. HP: 45/45 MP: 16/16
 11659 | D:7      | Found a staircase to the Ecumenical Temple.
 11668 | Temple   | Entered the Ecumenical Temple
 11990 | Temple   | Became a worshipper of Dithmenos the Shadowed
 12020 | D:7      | Noticed Maggie
 12053 | D:7      | Killed Maggie
 12441 | D:7      | Found a bloodstained altar of Trog.
 12444 | D:7      | Noticed Menkaure
 12629 | D:7      | Reached skill level 9 in Stealth
 12647 | D:7      | Killed Menkaure
 13126 | D:7      | Reached skill level 10 in Stealth
 13435 | D:7      | Found a glowing golden altar of the Shining One.
 13449 | D:7      | Got the Incunabulum of the Cloudy Arsonist
 13975 | D:7      | Found a glowing golden altar of the Shining One.
 14134 | D:7      | Found a bloodstained altar of Trog.
 14301 | D:7      | Found a staircase to the Ecumenical Temple.
 14844 | D:8      | Found the +10 dark maul {vorpal}
 14981 | D:7      | Slain by a kobold

Illustrated notes

Levels and vault maps discovered:
D:1:      amcnicky_arrival_double_pillar, layout_basic,
          ebering_ecumenical_altar_hall, serial_shops, shop, minmay_pentomino_v2
D:2:      layout_basic, basic_altar, palyth_stone_intersect,
          kennysheep_generic_room_12
D:3:      cheibrodos_old_hovel, layout_loops_ring, serial_shops, shop,
          minmay_joined_circles, uniq_crazy_yiuf_cottage, uniq_ijyb
D:4:      layout_cave_pods
D:5:      gammafunk_steamed_eel, layout_cave_pools, lemuel_crystal_altar,
          serial_rivers, chequers_serial_rivers_large_a,
          chequers_serial_rivers_small_b, chequers_serial_rivers_micro_a,
          chequers_serial_rivers_large_b, chequers_serial_rivers_micro_a,
          minmay_misc_feat_more_columns
D:6:      layout_gridville, lightli_ossuary_entry_decrepit_ruins, uniq_sigmund
D:7:      layout_cave_pods, lemuel_doored_altar, kennysheep_mini_moat,
          minmay_temple_entry_grid, kennysheep_another_room, uniq_menkaure,
          uniq_maggie
D:8:      layout_cave_pools, mainiacjoe_overflow_brackets,
          gammafunk_ghost_necromancy, chequers_arboretum
Temple:   nicolae_temple_elliptical

Skill      XL: |  1  2  3  4  5  6  7  8  9 |
---------------+----------------------------+-----
Stealth        | 5 6 7 8 10 | 10.7
Short Blades   | 2 3 4 5 7 |  7.0
Spellcasting   | 3 4 |  4.0
Hexes          | 4 5 8 |  8.0
Fighting       | 1 4 |  4.0
Dodging        | 3 8 9 |  9.9

Action                   |  1- 3 |  4- 6 |  7- 9 || total
-------------------------+-------+-------+-------++-------
Melee: Dagger            |   131 |   161 |   445 ||   737
       Rapier            |       |    28 |    16 ||    44
Throw: Stone             |       |     4 |       ||     4
 Cast: Ensorcelled Hiber |    26 |    21 |    77 ||   124
       Confusing Touch   |       |     5 |    30 ||    35
       Tukima's Dance    |       |       |    15 ||    15
  Use: Scroll            |     5 |     9 |     8 ||    22
       Potion            |       |     1 |       ||     1
 Stab: Sleeping          |    20 |    16 |    56 ||    92
       Confused          |       |     5 |    31 ||    36
Armor: Robe              |     7 |    12 |    18 ||    37
       Skin              |       |     6 |       ||     6
       Steam dragon scal |       |       |     6 ||     6
Dodge: Dodged            |   102 |   102 |   253 ||   457

Table legend: (Time is in decaauts)
 A = Elapsed time spent in this place.
 B = Non-inter-level travel time spent in this place.
 C = Inter-level travel time spent in this place.
 D = Time resting spent in this place.
 E = Time spent auto-exploring this place.
 F = Levels seen in this place.
 G = Mean time per level.
                   A        B        C        D        E       F      G
               +--------+--------+--------+--------+--------+-----+--------+
         Total |  11654 |  11266 |    388 |    993 |   8281 |  10 | 1165.4 |
       Dungeon |  10986 |  10613 |    373 |    810 |   8005 |   8 | 1373.2 |
        Temple |    281 |    267 |     14 |      0 |    252 |   1 |  281.0 |
       Ossuary |    387 |    387 |      0 |    183 |     23 |   1 |  387.0 |
               +--------+--------+--------+--------+--------+-----+--------+

Top non-repeatable levels by time:
     D:3: 2016 daAuts
     D:7: 1936 daAuts
     D:4: 1788 daAuts
     D:2: 1735 daAuts
     D:5: 1457 daAuts
     D:6: 1229 daAuts
     D:1: 785 daAuts
 Ossuary: 387 daAuts
  Temple: 281 daAuts
     D:8: 36 daAuts
